 Dungeon Crawl Stone Soup version 0.20.0 (webtiles) character file.

23274 FakerFangirl the Basher (level 12, -1/106 HPs)
             Began as a Black Draconian Fighter on May 26, 2017.
             Was a High Priest of Cheibriados.
             Splashed by an oklob plant's acid (13 damage)
             ... on level 5 of the Lair of Beasts.
             The game lasted 00:16:17 (14161 turns).

FakerFangirl the Basher (Black Draconian Fighter)  Turns: 14161, Time: 00:16:17

Health: -1/106     AC:  5    Str: 38    XL:     12   Next: 70%
Magic:  12/12      EV: 29    Int: 21    God:    Cheibriados [*****.]
Gold:   861        SH: 15    Dex: 28    Spells: 11/11 levels left

rFire    . . .     SeeInvis .   Y - +0 morningstar
rCold    . . .     Gourm    .   b - +0 shield
rNeg     . . .     Faith    .   (armour unavailable)
rPois    .         Spirit   .   i - +2 hat {MR+}
rElec    +         Reflect  .   n - +0 cloak
rCorr    .         Harm     .   l - +4 pair of gloves of a sewer {Dex+3}
MR       +++..                  t - +0 pair of boots
Stlth    ++........             (no amulet)
Regen    0.3/turn               v - +6 ring of evasion
MPRegen  0.2/turn               k - ring of Guoph {MR++ EV+3 Str+6 Dex-4}

@: about to teleport, corroded, very slow
A: breathe lightning, unfitting armour, electricity resistance, cold-blooded, AC
+8
a: Breathe Lightning, Bend Time, Temporal Distortion, Slouch, Step From Time,
Renounce Religion


You were on level 5 of the Lair of Beasts.
You worshipped Cheibriados.
Cheibriados was extremely pleased with you.
You were not hungry.

You visited 3 branches of the dungeon, and saw 15 of its levels.

You collected 861 gold pieces.


Innate Abilities, Weirdness & Mutations

You can breathe wild blasts of lightning.
Your glossy black scales are hard. (AC +8)
You cannot fit into any form of body armour.
You are resistant to electric shocks. (rElec)
You are cold-blooded and may be slowed by cold attacks.


   Skills:
 - Level 10.1 Fighting
 + Level 14.9 Maces & Flails
 - Level 9.0 Dodging
 - Level 9.0 Shields


You had 11 spell levels left.
You didn't know any spells.

Inventory:

Hand Weapons
 Y - a +0 morningstar (weapon)
Missiles
 f - 10 tomahawks (quivered)
 x - 7 javelins
Armour
 b - a +0 shield (worn)
 i - a +2 hat of magic resistance (worn)
 l - the +4 pair of gloves of a sewer (worn) {Dex+3}
   (You acquired it on level 9 of the Dungeon)

   It affects your dexterity (+3).
 n - a +0 cloak (worn)
 t - a +0 pair of boots (worn)
Jewellery
 j - an uncursed ring of fire
 k - the ring of Guoph (right hand) {MR++ EV+3 Str+6 Dex-4}
   (You found it on level 7 of the Dungeon)

   [ring of evasion]

   It affects your evasion (+3).
   It affects your strength (+6).
   It affects your dexterity (-4).
   It affects your resistance to hostile enchantments.
 v - a +6 ring of evasion (left hand)
Wands
 s - a wand of disintegration (10/24)
Scrolls
 m - 6 scrolls of remove curse
 q - a scroll of identify
 r - 5 scrolls of teleportation
 u - a scroll of recharging
 y - a scroll of silence {unknown}
Potions
 a - 10 potions of curing
 c - 5 potions of might
 o - 2 potions of haste
 p - a potion of heal wounds
 z - a potion of mutation
Comestibles
 d - 14 fruits
 e - 10 bread rations
 g - 8 meat rations
 h - 9 chunks of flesh
 w - 6 royal jellies

Dungeon Overview and Level Annotations

Branches:
Dungeon (9/15)             Temple (1/1) D:7            Lair (5/6) D:9
  Swamp (0/4) Lair:3        Snake (0/4) Lair:3          Orc (0/2) D:9
  Slime: Lair:5-6

Altars:
Ashenzari
Cheibriados
Dithmenos
Elyvilon
Fedhas
Gozag
Hepliaklqana
Kikubaaqudgha
Makhleb
Nemelex Xobeh
Okawaru
Qazlal
Ru
Sif Muna
Trog
Uskayaw
Vehumet
Xom
Yredelemnul
Zin
The Shining One

Annotations:
D:3 1 runed door


Message History

The bullfrog is almost dead.
The oklob plant spits acid at you. The splash of acid hits you!
The acid corrodes you!
You are splashed with acid!
The acid burns!
The bullfrog completely misses you.
You closely miss the bullfrog. You tail-slap the bullfrog.
You kill the bullfrog!
Cheibriados thoroughly appreciates the change of pace.
Found a scroll of identify.
Found an escape hatch in the floor.
The oklob plant spits acid at you. The splash of acid hits you!
The acid corrodes you!
You are splashed with acid!
The acid burns!
The oklob plant spits acid at you. The splash of acid hits you!
You are splashed with acid!
The acid burns!
Found 18 gold pieces.
14161 ||| READING 6 scrolls of teleportation.
As you read the scroll of teleportation, it crumbles to dust.
You feel strangely unstable. The oklob plant spits acid at you.
The splash of acid hits you!
You are splashed with acid!
The acid burns!
You die...

##.....#.#.#..........P#
........................
........................
........................
........................
......#.##..#......#....
.....#.#####............
(.....## #.#............
......# #.....@.......
..... #..=........... .
.. #.............. .
.........PPP.... .
.........PPPPP...
....$...PPPP$PP..
.....PPP>?.PP..
.......P.$PPP..


You could see 3 oklob plants.

Vanquished Creatures
  Gastronok (Lair:3)
  2 hydras
  2 two-headed ogres
  2 black mambas (Lair:4)
  A torpor snail (Lair:1)
  7 spiny frogs
  2 rime drakes
  4 komodo dragons
  A troll (D:9)
  12 blink frogs
  6 dream sheep (Lair:4)
  6 hippogriffs
  3 wyverns
  12 yaks
  A basilisk (Lair:4)
  4 vampire mosquitoes (D:9)
  A steam dragon (Lair:5)
  A hungry ghost (D:7)
  2 hell hounds (D:9)
  3 swamp worms (Lair:3)
  9 water moccasins
  11 porcupines
  3 ice beasts
  2 orc warriors
  A sky beast (D:5)
  A black bear (Lair:1)
  A phantom (D:5)
  4 ogres
  4 wolves (Lair:1)
  2 centaurs
  4 crocodiles
  A big kobold (D:8)
  9 bullfrogs
  A gnoll sergeant (D:6)
  3 scorpions
  3 killer bees (D:9)
  4 wights (D:8)
  An electric eel (Lair:3)
  5 crimson imps
  2 bullfrog zombies
  3 jellies
  A centaur skeleton (D:4)
  4 hounds
  2 orc priests
  5 iguanas
  6 orc wizards
  5 worker ants
  2 worker ant zombies
  18 gnolls
  12 adders
  A shadow imp (D:9)
  2 adder skeletons
  3 worms
  4 dart slugs
  10 leopard geckos
  27 orcs
  2 ball pythons
  6 bats
  9 giant cockroaches
  13 goblins
  12 hobgoblins
  15 jackals
  6 quokkas
  4 frilled lizards
  19 kobolds
  A quokka zombie (D:8)
  9 rats
345 creatures vanquished.

Vanquished Creatures (others)
  3 fungi (D:3)
  A plant (Lair:3)
4 creatures vanquished.

Grand Total: 349 creatures vanquished

Notes
Turn   | Place    | Note
-------+----------+-------------------------------------------
     0 | D:1      | FakerFangirl the Draconian Fighter began the quest for the Orb.
     0 | D:1      | Reached XP level 1. HP: 19/19 MP: 1/1
     0 | D:1      | 0 ||| counter = 38
   141 | D:1      | 141 ||| Stepping ~*~*~tactically~*~*~ (outnumbered).
   144 | D:1      | 144 ||| Stepping ~*~*~tactically~*~*~ (outnumbered).
   145 | D:1      | 145 ||| Stepping ~*~*~tactically~*~*~ (outnumbered).
   146 | D:1      | 146 ||| Stepping ~*~*~tactically~*~*~ (outnumbered).
   147 | D:1      | 147 ||| Stepping ~*~*~tactically~*~*~ (outnumbered).
   148 | D:1      | 148 ||| Stepping ~*~*~tactically~*~*~ (outnumbered).
   149 | D:1      | 149 ||| Stepping ~*~*~tactically~*~*~ (outnumbered).
   165 | D:1      | Reached XP level 2. HP: 19/26 MP: 2/2
   316 | D:1      | Reached skill level 3 in Maces & Flails
   419 | D:1      | Found a shattered altar of Ashenzari.
   540 | D:1      | Reached XP level 3. HP: 23/31 MP: 3/3
  1096 | D:1      | Reached skill level 4 in Maces & Flails
  1139 | D:1      | 1139 ||| READING scroll labeled PYLUCO YLIR.
  1140 | D:1      | 1140 ||| READING scroll labeled POGAOD OPSYIDOI.
  1162 | D:2      | 1162 ||| STAIRDANCE
  1164 | D:1      | 1164 ||| Stepping ~*~*~tactically~*~*~ (outnumbered).
  1165 | D:1      | 1165 ||| Stepping ~*~*~tactically~*~*~ (outnumbered).
  1368 | D:2      | Reached XP level 4. HP: 38/38 MP: 4/4
  1998 | D:2      | 1998 ||| READING 2 scrolls labeled MEOMMO XEHI.
  1999 | D:2      | 1999 ||| READING 2 scrolls labeled ESCHOU IDGHOEWK.
  2000 | D:2      | 2000 ||| READING scroll of enchant weapon.
  2000 | D:2      | 2000 ||| ENCHANTING +1 flail.
  2001 | D:2      | 2001 ||| READING scroll labeled GIS INEATS.
  2002 | D:2      | 2002 ||| READING scroll labeled CIL OLLORCHEAGA.
  2003 | D:2      | 2003 ||| READING scroll of identify.
  2003 | D:2      | 2003 ||| IDENTIFYING marble ring
  2004 | D:2      | 2004 ||| DROPPING cursed ring of loudness.
  2058 | D:3      | 2058 ||| READING scroll of enchant weapon.
  2058 | D:3      | 2058 ||| ENCHANTING +2 flail.
  2186 | D:3      | Reached skill level 5 in Maces & Flails
  2780 | D:3      | Found a runed door.
  2784 | D:3      | 2784 ||| READING scroll labeled YDAOCW HECZOUPS.
  2785 | D:3      | 2785 ||| READING scroll of identify.
  2785 | D:3      | 2785 ||| IDENTIFYING square golden amulet
  2786 | D:3      | 2786 ||| DROPPING amulet of harm.
  2833 | D:4      | Reached XP level 5. HP: 45/45 MP: 5/5
  2856 | D:4      | HP: 9/45 [gnoll (8)]
  2861 | D:4      | HP: 1/45 [gnoll/enchanted spear (5)]
  3239 | D:4      | Reached skill level 6 in Maces & Flails
  3431 | D:4      | Reached XP level 6. HP: 39/52 MP: 6/6
  4064 | D:4      | 4064 ||| SWAPPING to flail of protection.
  4067 | D:4      | 4067 ||| DROPPING +3 flail.
  4165 | D:4      | Found an iron altar of Okawaru.
  4165 | D:4      | Found a glowing silver altar of Zin.
  4217 | D:4      | Reached skill level 7 in Maces & Flails
  4609 | D:4      | 4609 ||| UPGRADING to pair of gloves.
  4614 | D:4      | 4614 ||| READING 2 scrolls labeled SULIES SAISOMM.
  4615 | D:4      | 4615 ||| READING scroll labeled RUOREY UTRU.
  4616 | D:4      | 4616 ||| READING scroll labeled CIX RIOM TUI.
  4621 | D:4      | 4621 ||| DROPPING scroll of fog.
  4637 | D:5      | Entered Level 5 of the Dungeon
  4669 | D:5      | 4669 ||| Stepping ~*~*~tactically~*~*~ (outnumbered).
  4670 | D:5      | 4670 ||| Stepping ~*~*~tactically~*~*~ (outnumbered).
  4671 | D:5      | 4671 ||| Stepping ~*~*~tactically~*~*~ (outnumbered).
  4672 | D:5      | 4672 ||| Stepping ~*~*~tactically~*~*~ (outnumbered).
  4683 | D:5      | Your scales start taking on a glossy black colour.
  4683 | D:5      | Reached XP level 7. HP: 50/59 MP: 7/7
  4683 | D:5      | Gained mutation: You are resistant to electric shocks. (rElec) [Black Draconian growth]
  4748 | D:5      | Found a bloodstained altar of Trog.
  4751 | D:5      | 4751 ||| Stepping ~*~*~tactically~*~*~ (outnumbered).
  4940 | D:5      | Reached skill level 8 in Maces & Flails
  5488 | D:5      | Reached XP level 8. HP: 66/68 MP: 8/8
  5633 | D:5      | 5633 ||| UPGRADING to glass ring.
  5634 | D:5      | 5634 ||| DRINKING 3 smoky orange potions.
  5635 | D:5      | 5635 ||| READING 2 scrolls of identify.
  5635 | D:5      | 5635 ||| IDENTIFYING yellow potion
  5636 | D:5      | 5636 ||| DROPPING potion of invisibility.
  5679 | D:6      | 5679 ||| Stepping ~*~*~tactically~*~*~ (water).
  5687 | D:6      | Reached skill level 9 in Maces & Flails
  5734 | D:6      | 5734 ||| Stepping ~*~*~tactically~*~*~ (outnumbered).
  5735 | D:6      | 5735 ||| Stepping ~*~*~tactically~*~*~ (outnumbered).
  5736 | D:6      | 5736 ||| Stepping ~*~*~tactically~*~*~ (outnumbered).
  5737 | D:6      | 5737 ||| Stepping ~*~*~tactically~*~*~ (outnumbered).
  5786 | D:6      | Reached skill level 6 in Fighting
  5970 | D:6      | Found a white marble altar of Elyvilon.
  6361 | D:6      | 6361 ||| EATING 8 fruits.
  6482 | D:6      | Found a radiant altar of Vehumet.
  6720 | D:6      | 6720 ||| DRINKING 3 glowing black potions.
  6721 | D:6      | 6721 ||| DROPPING 2 potions of flight.
  6872 | D:7      | Found a flagged portal.
  6963 | D:7      | Reached skill level 10 in Maces & Flails
  6963 | D:7      | Reached XP level 9. HP: 48/75 MP: 9/9
  7180 | D:7      | Found a staircase to the Ecumenical Temple.
  7186 | Temple   | Entered the Ecumenical Temple
  7187 | Temple   | 7187 ||| Entered T.
  7281 | Temple   | 7281 ||| UPGRADING to glowing hat.
  7286 | Temple   | 7286 ||| DRINKING 2 metallic golden potions.
  7287 | Temple   | 7287 ||| DRINKING 2 metallic blue potions.
  7288 | Temple   | 7288 ||| DRINKING 2 smoky white potions.
  7330 | Temple   | 7330 ||| DROPPING potion of degeneration.
  7331 | Temple   | 7331 ||| DROPPING potion of cancellation.
  7332 | Temple   | 7332 ||| DROPPING potion of lignification.
  7419 | D:7      | Reached skill level 3 in Dodging
  7471 | D:7      | 7471 ||| READING scroll of enchant weapon.
  7471 | D:7      | 7471 ||| ENCHANTING +1 flail of protection.
  7495 | D:7      | Found a sacrificial altar of Ru.
  7568 | D:7      | Got a faintly glowing jade ring
  7586 | D:7      | Found a snail-covered altar of Cheibriados.
  7613 | D:7      | Became a worshipper of Cheibriados the Contemplative
  7632 | D:7      | 7632 ||| EATING 5 bread rations.
  7656 | D:7      | 7656 ||| UPGRADING to faintly glowing jade ring.
  7656 | D:7      | Identified the ring of Guoph {MR++ EV+3 Str+6 Dex-4} (You found it on level 7 of the Dungeon)
  7773 | D:8      | Reached skill level 6 in Shields
  7784 | D:8      | Noticed a two-headed ogre
  7791 | D:8      | Killed a two-headed ogre
  7791 | D:8      | Reached skill level 11 in Maces & Flails
  7812 | D:8      | 7812 ||| Stepping ~*~*~tactically~*~*~ (outnumbered).
  7813 | D:8      | 7813 ||| Stepping ~*~*~tactically~*~*~ (outnumbered).
  7953 | D:8      | Reached * piety under Cheibriados
  8243 | D:8      | Reached XP level 10. HP: 88/88 MP: 10/10
  8706 | D:8      | 8706 ||| UPGRADING to brass ring.
  8708 | D:8      | 8708 ||| DROPPING ring of resist corrosion.
  8756 | D:9      | Reached ** piety under Cheibriados
  8854 | D:9      | Found a staircase to the Orcish Mines.
  8887 | D:9      | 8887 ||| Stepping ~*~*~tactically~*~*~ (outnumbered).
  8890 | D:9      | 8890 ||| Stepping ~*~*~tactically~*~*~ (outnumbered).
  8922 | D:9      | Reached skill level 12 in Maces & Flails
  9130 | D:9      | Noticed a two-headed ogre
  9134 | D:9      | Reached *** piety under Cheibriados
  9143 | D:9      | 9143 ||| Stepping ~*~*~tactically~*~*~ (outnumbered).
  9144 | D:9      | 9144 ||| Stepping ~*~*~tactically~*~*~ (outnumbered).
  9145 | D:9      | 9145 ||| Stepping ~*~*~tactically~*~*~ (outnumbered).
  9149 | D:9      | Killed a two-headed ogre
  9149 | D:9      | Reached skill level 9 in Fighting
  9480 | D:9      | Found a hazy altar of Hepliaklqana.
  9520 | D:9      | Found a staircase to the Lair.
  9896 | D:9      | 9896 ||| UPGRADING to ruby ring.
  9898 | D:9      | 9898 ||| REMOVING ring of fire.
  9899 | D:9      | 9899 ||| UPGRADING to +6 ring of evasion.
  9900 | D:9      | 9900 ||| READING scroll labeled QOT ONANUDD.
  9900 | D:9      | Identified a scroll of acquirement
  9901 | D:9      | Got a pair of fine gloves
  9902 | D:9      | 9902 ||| UPGRADING to pair of fine gloves.
  9912 | D:9      | Identified the +4 pair of gloves of a sewer {Dex+3} (You acquired it on level 9 of the Dungeon)
  9912 | D:9      | 9912 ||| DROPPING +0 pair of gloves.
  9913 | D:9      | 9913 ||| READING scroll labeled SAIFAYTOTO.
  9914 | D:9      | 9914 ||| READING 7 scrolls of identify.
  9914 | D:9      | 9914 ||| IDENTIFYING fuming yellow potion
  9915 | D:9      | 9915 ||| READING 6 scrolls of identify.
  9915 | D:9      | 9915 ||| IDENTIFYING inky potion
  9916 | D:9      | 9916 ||| READING 5 scrolls of identify.
  9916 | D:9      | 9916 ||| IDENTIFYING fizzy puce potion
  9917 | D:9      | 9917 ||| READING 4 scrolls of identify.
  9917 | D:9      | 9917 ||| IDENTIFYING golden potion
  9918 | D:9      | 9918 ||| DROPPING potion of ambrosia.
  9919 | D:9      | 9919 ||| DROPPING potion of agility.
  9920 | D:9      | 9920 ||| DROPPING potion of berserk rage.
  9921 | D:9      | 9921 ||| DROPPING potion of brilliance.
  9962 | Lair:1   | Entered Level 1 of the Lair of Beasts
  9963 | Lair:1   | 9963 ||| Entered L.
  9964 | Lair:1   | Noticed a spiny frog
  9980 | Lair:1   | Killed a spiny frog
 10031 | Lair:1   | Noticed a spiny frog
 10041 | Lair:1   | Killed a spiny frog
 10041 | Lair:1   | Reached skill level 6 in Dodging
 10043 | Lair:1   | Reached XP level 11. HP: 97/97 MP: 11/11
 10374 | Lair:1   | Reached **** piety under Cheibriados
 10842 | Lair:1   | 10842 ||| UPGRADING to cloak.
 10847 | Lair:1   | 10847 ||| UPGRADING to knobbly bronze ring.
 10849 | Lair:1   | 10849 ||| UPGRADING to +6 ring of evasion.
 10851 | Lair:1   | 10851 ||| DROPPING ring of see invisible.
 10852 | Lair:1   | 10852 ||| READING 4 scrolls of identify.
 10852 | Lair:1   | 10852 ||| IDENTIFYING fuming blue potion
 10853 | Lair:1   | 10853 ||| READING 3 scrolls of identify.
 10853 | Lair:1   | 10853 ||| IDENTIFYING metallic silvery potion
 10854 | Lair:1   | 10854 ||| READING 2 scrolls of identify.
 10854 | Lair:1   | 10854 ||| IDENTIFYING brown potion
 10855 | Lair:1   | 10855 ||| DROPPING potion of magic.
 10871 | Lair:2   | Noticed a seven-headed hydra
 10873 | Lair:2   | 10873 ||| STAIRDANCE
 10881 | Lair:1   | Killed a seven-headed hydra
 10963 | Lair:2   | 10963 ||| STAIRDANCE
 10970 | Lair:1   | Reached skill level 13 in Maces & Flails
 11115 | Lair:2   | Noticed a four-headed hydra
 11128 | Lair:2   | Killed a four-headed hydra
 11251 | Lair:2   | Got a steaming amber ring
 11483 | Lair:2   | Reached skill level 9 in Shields
 11789 | Lair:2   | Reached ***** piety under Cheibriados
 12047 | Lair:2   | 12047 ||| UPGRADING to steaming amber ring.
 12048 | Lair:2   | Identified the ring "Atipepn" {MP+9 Int+2} (You found it on level 2 of the Lair of Beasts)
 12049 | Lair:2   | 12049 ||| REMOVING ring "Atipepn" {MP+9 Int+2}.
 12050 | Lair:2   | 12050 ||| DROPPING ring "Atipepn" {MP+9 Int+2}.
 12051 | Lair:2   | 12051 ||| UPGRADING to +6 ring of evasion.
 12118 | Lair:3   | 12118 ||| Stepping ~*~*~tactically~*~*~ (outnumbered).
 12224 | Lair:3   | 12224 ||| READING scroll of enchant weapon.
 12224 | Lair:3   | 12224 ||| ENCHANTING +2 flail of protection.
 12266 | Lair:3   | Reached XP level 12. HP: 102/106 MP: 12/12
 12533 | Lair:3   | Found a staircase to the Snake Pit.
 12603 | Lair:3   | Noticed Gastronok
 12624 | Lair:3   | Killed Gastronok
 12767 | Lair:3   | Found a staircase to the Swamp.
 12774 | Lair:3   | 12774 ||| Stepping ~*~*~tactically~*~*~ (water).
 12788 | Lair:3   | Reached skill level 14 in Maces & Flails
 12930 | Lair:3   | 12930 ||| UPGRADING to runed hat.
 12940 | Lair:3   | 12940 ||| DROPPING +1 hat of magic resistance.
 12941 | Lair:3   | 12941 ||| UPGRADING to pair of boots.
 12946 | Lair:3   | 12946 ||| READING scroll labeled RICWIWKIHA.
 13098 | Lair:3   | 13098 ||| READING 2 scrolls of identify.
 13098 | Lair:3   | 13098 ||| IDENTIFYING bubbling brown potion
 13146 | Lair:4   | 13146 ||| STAIRDANCE
 13247 | Lair:4   | 13247 ||| SWAPPING to morningstar.
 13248 | Lair:4   | 13248 ||| DROPPING +3 flail of protection.
 13565 | Lair:4   | Reached skill level 9 in Dodging
 13620 | Lair:4   | 13620 ||| Stepping ~*~*~tactically~*~*~ (water).
 13913 | Lair:4   | 13913 ||| READING scroll labeled ZOSOCV OMIABUTH.
 13914 | Lair:4   | 13914 ||| READING scroll labeled HACUL USINUECS.
 13923 | Lair:5   | 13923 ||| STAIRDANCE
 13929 | Lair:5   | 13929 ||| STAIRDANCE
 14160 | Lair:5   | HP: 23/106 [acid (15)]
 14161 | Lair:5   | 14161 ||| READING 6 scrolls of teleportation.
 14161 | Lair:5   | Splashed by an oklob plant's acid

Vault maps used:
D:1:      dpeg_arrival_arbitrary_b, minmay_misc_feat_x, evilmike_ruin_ashenzari
D:3:      first_bread, uniq_crazy_yiuf_cottage
D:4:      gammafunk_temple_overflow_statue
D:5:      trog_hazing_becter
D:6:      kennysheep_mini, elyvilon_altar_3
D:7:      lemuel_coloured_pillars_altar, kennysheep_little_box,
          minmay_temple_entry_hall, enter_bailey_2
D:9:      lemuel_doored_altar, minmay_lair_entry_lava
Temple:   jpeg_temple_clearing
Lair:1:   hangedman_lair_generics_rect, lemuel_fruit_tree
Lair:3:   nicolae_swamp_entry_splash_gauntlet, dummy_snake_entry, uniq_gastronok
Lair:4:   infiniplex_staircase_pool_2, minmay_lair_oklob_chamber,
          serial_bayou_shore_b
Lair:5:   slime_altar_2, portal_ice_cave_entry_pillars_1,
          nicolae_quartered_pool_little, disabler_island, uniq_nessos

Skill      XL: |  1  2  3  4  5  6  7  8  9 10 11 12 |
---------------+-------------------------------------+-----
Maces & Flails | 3 4 5 6 7 8 10 11 12 13 14 | 14.9
Fighting       | 4 5 6 8 9 10 | 10.1
Shields        | 4 5 6 7 9 |  9.0
Dodging        | 3 6 7 9 |  9.0

Action                   |  1- 3 |  4- 6 |  7- 9 | 10-12 || total
-------------------------+-------+-------+-------+-------++-------
Melee: Flail             |   126 |   203 |   396 |   487 ||  1212
       Tailslap          |     9 |    17 |    49 |   143 ||   218
       Morningstar       |       |       |       |    77 ||    77
Throw: Tomahawk          |       |    31 |    75 |    56 ||   162
       Javelin           |       |       |    14 |    19 ||    33
  Use: Scroll            |     2 |    12 |     2 |    15 ||    31
       Potion            |       |       |     5 |       ||     5
 Stab: Sleeping          |       |     1 |       |       ||     1
       Distracted        |       |       |     2 |     1 ||     3
  Eat: Chunk             |     2 |    10 |    13 |    11 ||    36
       Fruit             |       |       |     1 |       ||     1
Armor: Skin              |    35 |    41 |   122 |    71 ||   269
Dodge: Dodged            |    51 |    62 |   162 |   387 ||   662
Block: Shield            |    42 |    84 |   179 |   332 ||   637
